 Dungeon Crawl Stone Soup version 0.31.0-9-g3a7656b989 (webtiles) character file.

Game seed: 6538371321245438598

494 qw the Ducker (level 6, -3/30 HPs)
             Began as a Spriggan Hunter on Feb 2, 2024.
             Slain by a black bear (5 damage)
             ... on level 5 of the Dungeon.
             The game lasted 00:00:13 (3251 turns).

qw the Ducker (Spriggan Hunter)                     Turns: 3251, Time: 00:00:13

Health: -3/30      AC:  2    Str:  7    XL:     6   Next: 92%
Magic:  7/7        EV: 22    Int: 11    God:
Gold:   187        SH:  0    Dex: 20    Spells: 5/5 levels left

rFire   . . .        a - +0 shortbow
rCold   . . .        (shield currently unavailable)
rNeg    . . .        c - +0 robe
rPois   .            (helmet restricted)
rElec   .            (no cloak)
rCorr   .            (gloves unavailable)
SInv    +            (boots unavailable)
Will    +....        (no amulet)
Stlth   ++           (no ring)
HPRegen 0.25/turn    (no ring)
MPRegen 0.10/turn

%: no passive effects
@: about to teleport, very quick
A: very small, no large weapons, unfitting armour, see invisible, speed 3
a: no special abilities


You were on level 5 of the Dungeon.
You visited 2 branches of the dungeon, and saw 6 of its levels.

You collected 187 gold pieces.


Innate Abilities, Weirdness & Mutations

You are very small and have problems with some larger weapons.
You are too small for most types of armour.
You have supernaturally acute eyesight. (SInv)
You cover ground extremely quickly. (Speed+++)


   Skills:
 - Level 2.2 Fighting
 + Level 6.4 Ranged Weapons
 - Level 6.9 Dodging
 - Level 1.5 Stealth


You had 5 spell levels left.
You didn't know any spells.
Your spell library was empty.

Inventory:

Hand Weapons
 a - a +0 shortbow (weapon)
Armour
 c - a +0 robe (worn)
Scrolls
 b - 2 scrolls of identify
 e - a scroll of enchant armour
Potions
 d - a potion of mutation
 g - a potion of enlightenment {unknown}

Dungeon Overview and Level Annotations

Branches:
Dungeon (5/15)             Temple (1/1) D:4

Altars:
Ashenzari
Cheibriados
Dithmenos
Elyvilon
Fedhas
Gozag
Hepliaklqana
Sif Muna
Trog
Uskayaw
Vehumet
Yredelemnul
Zin
The Shining One


Message History

g - a silvery potion You now have 177 gold pieces (gained 13).
You see here a +0 scale mail.
Found a flail.
Found a stone staircase leading down.
Found a stone staircase leading down.
b - 2 scrolls of identify (gained 1)
You now have 187 gold pieces (gained 10).
A black bear comes into view.
You shoot an arrow. The arrow hits the black bear!
The black bear growls angrily.
The black bear is moderately wounded.
You shoot an arrow. The arrow barely misses the black bear.
A quokka comes into view.
You shoot an arrow. The arrow hits the black bear.
The black bear is heavily wounded.
The black bear bites you!
The black bear claws you but does no damage.
The black bear completely misses you.
You shoot an arrow. The arrow barely misses the black bear.
The black bear bites you. The black bear completely misses you.
The black bear claws you.
You shoot an arrow. The arrow hits the black bear!
The black bear is severely wounded.
The black bear bites you. The black bear claws you.
The black bear closely misses you.
3247 ||| READING scroll of teleportation.
As you read the scroll of teleportation, it crumbles to dust.
You feel strangely unstable.
The black bear completely misses you. x2; The black bear misses you.
You shoot an arrow. The arrow hits the black bear.
The black bear is almost dead.
The quokka bites you but does no damage.
The black bear goes berserk!
3249 ||| RETREEEEATING.
3250 ||| RETREEEEATING.
3251 ||| RETREEEEATING.
The black bear attacks as it pursues you!
The black bear bites you. The black bear claws you.
You die...

... .#.>......#
.... #........#
.....#.......)#
...>.#........#
..............#
####........#
##.####### #.#
#@# #h#####
#.r...# #.....#
............#
...####........
#.........
#.........
......####


You could see a black bear (berserk) and a quokka.

Vanquished Creatures
  Grinder (D:4)
  A bullfrog (D:4)
  A jelly (D:4)
  Terence (D:3)
  3 gnolls (D:4)
  7 adders
  3 dart slugs
  3 ribbon worms
  5 orcs
  6 ball pythons
  6 endoplasms
  3 giant cockroaches
  8 goblins
  11 hobgoblins
  4 jackals
  5 kobolds
  6 quokkas
  8 bats
  3 rats
85 creatures vanquished.

Notes
Turn   | Place    | Note
-------+----------+-------------------------------------------
     0 | D:1      | qw the Spriggan Hunter began the quest for the Orb.
     0 | D:1      | Reached XP level 1. HP: 10/10 MP: 2/2
     0 | D:1      | 0 ||| qw: Version: 0.3-a-155-g5e7d8dd
     0 | D:1      | 0 ||| qw: Game counter: 1178
     0 | D:1      | 0 ||| qw: Melee chars always use a shield: true
     0 | D:1      | 0 ||| qw: God list: Okawaru
     0 | D:1      | 0 ||| qw: Allow faded altars: false
     0 | D:1      | 0 ||| qw: Do Orc after clearing Dungeon:15 true
     0 | D:1      | 0 ||| qw: Do second Lair branch before Depths: true
     0 | D:1      | 0 ||| qw: Lair rune preference: random
     0 | D:1      | 0 ||| qw: Goals: Normal
     0 | D:1      | 0 ||| PLANNING D:1-11
    12 | D:1      | 12 ||| RETREEEEATING.
    16 | D:1      | Reached skill level 3 in Dodging
    33 | D:1      | Reached XP level 2. HP: 12/14 MP: 3/3
   384 | D:1      | Reached XP level 3. HP: 18/18 MP: 4/4
   594 | D:1      | 594 ||| DROPPING ring of magical power.
   595 | D:1      | 595 ||| READING scroll labelled VYCUNEU NELE.
   596 | D:1      | 596 ||| READING scroll labelled UPRICZ PYCOU.
   597 | D:1      | 597 ||| READING scroll labelled FAELAU OPSUKH.
   630 | D:1      | 630 ||| READING scroll labelled FANGEE PATHO.
   630 | D:1      | 630 ||| ENCHANTING +0 shortbow.
   631 | D:1      | 631 ||| READING scroll labelled FESANK RELUC.
   632 | D:1      | 632 ||| DROPPING scroll of butterflies.
   634 | D:1      | 634 ||| Stepping ~*~*~tactically~*~*~ (cloud).
   708 | D:2      | 708 ||| STAIRDANCE
  1303 | D:2      | Reached XP level 4. HP: 22/22 MP: 5/5
  1469 | D:2      | 1469 ||| READING 2 scrolls labelled OGUACIFYCU.
  1469 | D:2      | 1469 ||| IDENTIFYING emerald potion
  1470 | D:2      | 1470 ||| READING scroll of identify.
  1470 | D:2      | 1470 ||| IDENTIFYING amethyst potion
  1471 | D:2      | 1471 ||| DROPPING potion of attraction.
  1636 | D:3      | 1636 ||| FLEEEEING.
  1637 | D:3      | 1637 ||| FLEEEEING.
  1638 | D:3      | 1638 ||| FLEEEEING.
  1640 | D:3      | 1640 ||| FLEEEEING.
  1642 | D:3      | 1642 ||| FLEEEEING.
  1644 | D:3      | 1644 ||| FLEEEEING.
  1646 | D:3      | 1646 ||| FLEEEEING.
  1730 | D:3      | Found a radiant altar of Vehumet.
  1730 | D:3      | Found a hazy altar of Hepliaklqana.
  1736 | D:3      | Found a basalt altar of Yredelemnul.
  1740 | D:3      | Found a white marble altar of Elyvilon.
  1742 | D:3      | Found a snail-covered altar of Cheibriados.
  1748 | D:3      | Found a shimmering blue altar of Sif Muna.
  1793 | D:3      | Noticed Terence
  1806 | D:3      | Killed Terence
  1911 | D:3      | Found a faded altar of an unknown god.
  1994 | D:3      | 1994 ||| READING 2 scrolls labelled ZOUTALE ZIMUNO.
  1995 | D:3      | 1995 ||| READING scroll labelled MISEH ANUOTI.
  1996 | D:3      | 1996 ||| DRINKING 2 coppery potions.
  1997 | D:3      | 1997 ||| DROPPING scroll of fear.
  2054 | D:4      | HP: 5/23 [gnoll/+0 halberd (4)]
  2055 | D:4      | 2055 ||| DRINKING potion of heal wounds.
  2059 | D:4      | Reached XP level 5. HP: 21/26 MP: 6/6
  2315 | D:4      | Found a staircase to the Ecumenical Temple.
  2316 | D:4      | 2316 ||| PLANNING TEMPLE
  2321 | Temple   | Entered the Ecumenical Temple
  2322 | Temple   | 2322 ||| PLANNING D:1-11
  2708 | D:4      | HP: 6/26 [bullfrog (7)]
  2711 | D:4      | HP: 2/26 [bullfrog (2)]
  2713 | D:4      | Reached skill level 6 in Ranged Weapons
  2713 | D:4      | Reached XP level 6. HP: 2/30 MP: 7/7
  2890 | D:4      | Noticed Grinder
  2903 | D:4      | 2903 ||| FLEEEEING.
  2906 | D:4      | Killed Grinder
  2907 | D:4      | Reached skill level 6 in Dodging
  3153 | D:4      | 3153 ||| READING 2 scrolls of identify.
  3153 | D:4      | 3153 ||| IDENTIFYING scroll labelled USET QOOPT
  3195 | D:5      | Entered Level 5 of the Dungeon
  3246 | D:5      | HP: 6/30 [black bear (4)]
  3247 | D:5      | 3247 ||| READING scroll of teleportation.
  3249 | D:5      | 3249 ||| RETREEEEATING.
  3250 | D:5      | 3250 ||| RETREEEEATING.
  3251 | D:5      | 3251 ||| RETREEEEATING.
  3251 | D:5      | HP: 2/30 [black bear (5)]
  3251 | D:5      | Slain by a black bear

Levels and vault maps discovered:
D:1:      dpeg_arrival_leaves_temple_mockup, layout_basic
D:2:      layout_loops_corners, st_stairs_2
D:3:      layout_rooms, nicolae_overflow_hallway_of_the_gods,
          hellmonk_ecumenical_altar_slurped_away, uniq_terence
D:4:      layout_loops_corners, minmay_temple_entry_fiery, uniq_grinder
D:5:      layout_basic, mainiacjoe_overflow_alcove_2, grunt_ministairs_13,
          uniq_sigmund
Temple:   nicolae_temple_superstar

Skill      XL: |  1  2  3  4  5  6 |
---------------+-------------------+-----
Dodging        | 3 4 5 6 |  6.9
Ranged Weapons | 5 6 |  6.4
Fighting       | 2 |  2.2
Stealth        | |  1.5

Action                     |  1- 3 |  4- 6 || total
---------------------------+-------+-------++-------
   Fire: Shortbow          |   105 |   178 ||   283
    Use: Scroll            |     5 |     6 ||    11
         Potion            |       |     2 ||     2
 Armour: Robe              |    16 |    29 ||    45
  Dodge: Dodged            |    34 |    61 ||    95

Table legend:
 A = Non-vault XP
 B = Vault XP
 C = Vault XP percentage of total XP
 D = Non-vault monster count
 E = Vault monster count
 F = Vault count percentage of total count
                 A         B        C        D         E       F
            +---------+---------+-------+---------+---------+-------
      Total |     408 |     298 |  42.2 |      80 |       5 |   5.9
            +---------+---------+-------+---------+---------+-------
        D:1 |      47 |       0 |   0.0 |      25 |       0 |   0.0
        D:2 |      63 |       6 |   8.7 |      15 |       2 |  11.8
        D:3 |      43 |      34 |  44.2 |      15 |       2 |  11.8
        D:4 |     241 |     258 |  51.7 |      24 |       1 |   4.0
        D:5 |      14 |       0 |   0.0 |       1 |       0 |   0.0
            +---------+---------+-------+---------+---------+-------
